 Dungeon Crawl Stone Soup version 0.26.1-11-gd32895ea62 (webtiles) character file.

Game seed: 13250958995257859242

4603 hawla the Arsonist (level 10, -5/121 HPs)
             Began as a Deep Elf Conjurer on June 23, 2021.
             Was a Believer of Vehumet.
             Slain by an ogre
             ... wielding a +0 giant spiked club
              (9 damage)
             ... on level 2 of the Orcish Mines.
             The game lasted 00:29:53 (11176 turns).

hawla the Arsonist (Deep Elf Conjurer)             Turns: 11176, Time: 00:29:54

Health: -5/121     AC: 25    Str:  4    XL:     10   Next: 19%
Magic:  4/22       EV:  2    Int: 33    God:    Vehumet [**....]
Gold:   1352       SH:  0    Dex: 19    Spells: 15/22 levels left

rFire    . . .     SeeInvis .   m - +8 frozen axe "Frostbite" {freezing cloud, *Noise +Fly rC+}
rCold    + . .     Faith    .   (shield currently unavailable)
rNeg     + + +     Spirit   .   (armour currently unavailable)
rPois    +         Reflect  .   (helmet currently unavailable)
rElec    .         Harm     .   (cloak currently unavailable)
rCorr    .         Rampage  .   (gloves currently unavailable)
Will     +....     NoTele   +   (boots currently unavailable)
Stlth    ..........             (no amulet)
HPRegen  0.30/turn              q - +6 ring of intelligence
MPRegen  0.18/turn              o - +6 ring of dexterity

@: brilliant, berserking, tree-form, very quick
A: no striking features
a: Renounce Religion


You were on level 2 of the Orcish Mines.
You worshipped Vehumet.
Vehumet was pleased with you.
You were a tree.
You visited 3 branches of the dungeon, and saw 12 of its levels.
You also visited: Sewer.

You collected 1653 gold pieces.
You spent 301 gold pieces at shops.

Inventory:

Hand Weapons
 m - the +8 frozen axe "Frostbite" (weapon) {freezing cloud, *Noise +Fly rC+}
   (You found it in a sewer)

   It has been specially enchanted to freeze those struck by it, causing extra
   injury to most foes and up to half again as much damage against particularly
   susceptible opponents.
   It can also slow down cold-blooded creatures.
   It protects you from cold.
   It lets you fly.
   It may make noises in combat.
Missiles
 b - 79 poisoned darts (quivered)
 i - 3 javelins
Armour
 n - a +2 cloak (melded)
 x - a +0 helmet (melded)
 y - a +0 pair of gloves (melded)
 B - a +0 robe of the Archmagi (melded)
Jewellery
 a - a cursed amulet of reflection {unknown}
 h - a +4 ring of protection
 j - an uncursed ring of protection from cold
 o - a +6 ring of dexterity (right branch)
 q - a +6 ring of intelligence (left branch)
 v - an uncursed ring of see invisible
 F - an uncursed amulet of magic regeneration {unknown}
 K - an uncursed amulet of guardian spirit {unknown}
Wands
 t - a wand of paralysis (11)
 A - a wand of disintegration (14)
 D - a wand of flame (17)
 G - a wand of random effects (10)
 J - a wand of digging (4)
Scrolls
 c - 6 scrolls of remove curse
 e - 7 scrolls of teleportation
 l - a scroll of magic mapping
 u - a scroll of fog
 I - a scroll of amnesia
Potions
 d - 3 potions of haste
 f - a potion of attraction
 g - 4 potions of flight
 k - 5 potions of curing
 r - a potion of mutation
 s - a potion of brilliance
 C - a potion of degeneration {unknown}
 E - a potion of cancellation {unknown}
 H - a potion of might {unknown}


   Skills:
 + Level 2.5 Fighting
 + Level 8.1 Axes
 + Level 3.9 Dodging
 + Level 4.9 Stealth
 + Level 6.7 Spellcasting
 + Level 8.8 Conjurations
 + Level 3.8 Translocations
 + Level 9.5 Fire Magic
 + Level 0.6 Evocations


You had 15 spell levels left.
You knew the following spells:

 Your Spells              Type           Power        Failure   Level
a - Foxfire               Conj/Fire      100%         1%          1
b - Searing Ray           Conj           100%         1%          2
c - Iskenderun's Mystic   Conj/Tloc      68%          3%          4

Your spell library contained the following spells:

 Spells                   Type           Power        Failure   Level
 Sandblast                Erth           32%          4%          1
 Magic Dart               Conj           100%         1%          1
 Dazzling Flash           Conj/Hex       100%         1%          3
 Fulminant Prism          Conj/Hex       28%          6%          4
 Irradiate                Conj/Tmut      28%          19%         5
 Hydra Form               Tmut           8%           99%         6
 Statue Form              Tmut/Erth      10%          99%         6
 Dragon Form              Tmut           8%           100%        7


Dungeon Overview and Level Annotations

Branches:
Dungeon (9/15)             Temple (1/1) D:7             Orc (2/2) D:9
    Elf (0/3) Orc:2         Sewer (visited)
   Lair: D:8-11

Altars:
Ashenzari
Cheibriados
Dithmenos
Elyvilon
Fedhas
Gozag
Hepliaklqana
Makhleb
Nemelex Xobeh
Okawaru
Qazlal
Ru
Sif Muna
Trog
Uskayaw
Vehumet
Wu Jian
Xom
Yredelemnul
Zin
The Shining One

Shops:
D:8 [

Annotations:
D:5 2 transporters, nothank2's ghost, novice MiFi


Message History

* * * LOW HITPOINT WARNING * * *
The troll bites you but does no damage.
The troll claws you but does no damage. x2
The orc warrior hits you but does no damage.
The gnoll sergeant hits you but does no damage.
You closely miss the orc knight.
The orc knight is almost dead.
You slash the ogre! You freeze the ogre.
You hear the raging winds of a blizzard.
You barely miss the orc knight. x2; You barely miss the troll.
You hear a shout!
The troll bites you but does no damage. The troll claws you but does no damage.
The troll claws you.
* * * LOW HITPOINT WARNING * * *
The orc knight hits you with a +0 great mace!
* * * LOW HITPOINT WARNING * * *
The orc knight roars a battlecry!
The orc knight goes into a battle-frenzy!
The orc knight hits you but does no damage.
The ogre hits you with a +0 giant spiked club!
You die...

**,**,,,<,*,***,,,***** ***
*****,,,...#*,*,** ***
*,,,..O.,,,** *,** *,,,$..#$,**
,,,* **,,.#...,**
*,*****,,......,*
*,**,***,*#.§.O#*
,,,,,,***.#.#.go##***
*,,*,,**,.....§o♣#*,***
*,,,,,,,,....$oOoT§...#*
**,,,,,,,......#§§§§..$#
**,*,,,,*##)...#..§§..##
*,,,,,,,*(#...,...#.###
,,,,,,,,*##...,..#### ***
,,*,,,,,,..$.,,...** **,**
,,**,,,,,....,.#..,*********,,,*
,***,,,,,,,,,,,,*,,,,*,**,,,*,**


You could see 3 orc knights, a troll, an orc warrior (strong), 2 ogres, a gnoll
sergeant and a +7 Singing Sword {vorpal, sonic wave}.

Vanquished Creatures
  Prince Ribbit (D:5)
  Menkaure (D:5)
  6 orc warriors
  A hornet zombie (D:7)
  A black bear (D:6)
  A phantom (D:7)
  An ice beast (D:9)
  4 ogres
  A necrophage (D:9)
  4 centaurs
  A big kobold (D:8)
  5 bullfrogs
  Blork the orc (D:4)
  2 scorpions
  A howler monkey (D:9)
  3 wights (D:9)
  An electric eel (D:9)
  A centaur zombie (D:6)
  8 hounds
  3 orc priests
  2 bullfrog skeletons
  2 iguanas
  6 orc wizards
  6 worker ants
  A hound skeleton (D:5)
  A howler monkey skeleton (D:4)
  8 adders
  A shadow imp (D:9)
  3 white imps
  2 ufetubi
  2 adder skeletons
  3 worms
  3 dart slugs
  4 leopard geckos
  40 orcs
  6 bats
  13 giant cockroaches
  4 goblins
  6 hobgoblins
  24 jackals
  14 kobolds
  4 quokkas
  5 ball pythons
  11 frilled lizards
  A leopard gecko skeleton (D:5)
  A leopard gecko zombie (D:7)
  9 rats
229 creatures vanquished.

Vanquished Creatures (others)
  54 foxfires
54 creatures vanquished.

Grand Total: 283 creatures vanquished

Notes
Turn   | Place    | Note
-------+----------+-------------------------------------------
     0 | D:1      | hawla the Deep Elf Conjurer began the quest for the Orb.
     0 | D:1      | Reached XP level 1. HP: 10/10 MP: 6/6
   264 | D:1      | Reached XP level 2. HP: 16/16 MP: 6/8
   267 | D:1      | Learned a level 2 spell: Searing Ray
   604 | D:1      | Reached skill level 1 in Translocations
  1321 | D:2      | Reached skill level 1 in Fighting
  1321 | D:2      | Reached XP level 3. HP: 20/20 MP: 7/10
  2248 | D:2      | Reached XP level 4. HP: 25/25 MP: 9/12
  2467 | D:3      | Reached skill level 5 in Conjurations
  3136 | D:3      | Reached XP level 5. HP: 29/29 MP: 8/13
  3473 | D:4      | Noticed Blork the orc
  3476 | D:4      | Noticed an ogre
  3518 | D:4      | Killed an ogre
  3519 | D:4      | Reached XP level 6. HP: 14/34 MP: 2/14
  3545 | D:4      | Found a glowing drain.
  3549 | Sewer    | Entered a sewer
  3668 | Sewer    | Learned a level 4 spell: Iskenderun's Mystic Blast
  4127 | Sewer    | Found the +8 frozen axe "Frostbite" {freezing cloud, *Noise
                  | +Fly rC+}
  4535 | D:4      | Killed Blork the orc
  4536 | D:4      | Reached XP level 7. HP: 32/38 MP: 5/16
  4722 | D:4      | Found an opulent altar of Gozag.
  4762 | D:4      | Reached skill level 5 in Spellcasting
  5677 | D:5      | Entered Level 5 of the Dungeon
  5680 | D:5      | Reached skill level 9 in Fire Magic
  5680 | D:5      | Reached XP level 8. HP: 43/43 MP: 18/18
  5807 | D:5      | Found a transporter.
  5807 | D:5      | Noticed nothank2's ghost (novice MiFi)
  5811 | D:5      | Found a transporter.
  6017 | D:5      | Noticed Menkaure
  6024 | D:5      | Killed Menkaure
  6328 | D:5      | Noticed Prince Ribbit
  6337 | D:5      | Killed Prince Ribbit
  6575 | D:6      | Found a glowing silver altar of Zin.
  6724 | D:6      | Reached XP level 9. HP: 40/47 MP: 19/19
  7954 | D:7      | Found a staircase to the Ecumenical Temple.
  7967 | Temple   | Entered the Ecumenical Temple
  8498 | Temple   | Became a worshipper of Vehumet
  9445 | D:8      | Identified a scroll of acquirement
  9445 | D:8      | Acquired 1203 gold pieces
  9496 | D:8      | Found Jogu's Antique Armour Emporium.
  9503 | D:8      | Bought an embroidered cloak for 202 gold pieces
  9503 | D:8      | Bought an embroidered robe for 99 gold pieces
  9652 | D:8      | Reached * piety under Vehumet
  9652 | D:8      | Offered knowledge of Foxfire by Vehumet.
  9655 | D:8      | Learned a level 1 spell: Foxfire
 10491 | D:9      | Reached XP level 10. HP: 8/54 MP: 1/21
 10952 | D:9      | Found a white marble altar of Elyvilon.
 11057 | D:9      | Offered knowledge of Sandblast by Vehumet.
 11065 | D:9      | Reached ** piety under Vehumet
 11110 | D:9      | Noticed a cyclops
 11120 | D:9      | Found a staircase to the Orcish Mines.
 11151 | Orc:1    | Entered Level 1 of the Orcish Mines
 11151 | Orc:1    | Noticed an orc warlord
 11152 | Orc:1    | Noticed a two-headed ogre
 11154 | Orc:2    | Entered Level 2 of the Orcish Mines
 11154 | Orc:2    | Noticed an orc knight
 11154 | Orc:2    | Noticed a +7 Singing Sword {vorpal, sonic wave}
 11154 | Orc:2    | Noticed an orc knight
 11166 | Orc:2    | Noticed an orc knight
 11176 | Orc:2    | HP: 4/121 [orc knight/+0 great mace (7)]
 11176 | Orc:2    | Slain by an ogre

Illustrated notes

Levels and vault maps discovered:
D:1:      tarquinn_simple_flora_water_a, layout_basic, hex_large,
          minmay_misc_feat_room, minivault_19
D:2:      layout_basic, minmay_misc_feat_nine_boxes
D:3:      layout_loops_ring
D:4:      layout_basic, gup_sewer_entry_bowl, nicolae_gozag_seed_capital,
          uniq_blork_the_orc
D:5:      layout_rooms, gammafunk_ghost_mausoleum, uniq_prince_ribbit1,
          uniq_menkaure
D:6:      layout_basic, basic_altar
D:7:      layout_loops_ring, minmay_temple_entry_water_ring
D:8:      layout_basic, serial_shops, shop
D:9:      layout_loops_ring, lemuel_mausoleum_altar_kikubaaqudgha, erik_orc_2,
          elyvilon_altar_5
Temple:   compressed_dpeg_triangle_lava_temple
Orc:1:    layout_caves
Orc:2:    st_orc_rangers, layout_caves, sword_in_stone, uniq_sonja

Skill      XL: |  1  2  3  4  5  6  7  8  9 |
---------------+----------------------------+-----
Translocations | 1 2 3 |  3.8
Fighting       | 1 2 |  2.5
Spellcasting   | 4 5 6 |  6.7
Conjurations   | 5 7 8 |  8.8
Stealth        | 3 4 |  4.9
Axes           | 7 8 |  8.1
Fire Magic     | 9 |  9.5
Dodging        | 3 |  3.9
Evocations     | |  0.6

Action                   |  1- 3 |  4- 6 |  7- 9 | 10-12 || total
-------------------------+-------+-------+-------+-------++-------
Melee: Unarmed           |     2 |     1 |       |       ||     3
       Executioner's axe |       |       |    75 |    14 ||    89
 Cast: Magic Dart        |    36 |    32 |     9 |       ||    77
       Searing Ray       |    19 |    32 |    40 |     9 ||   100
       Iskenderun's Myst |       |     2 |    27 |     9 ||    38
       Foxfire           |       |       |    20 |    13 ||    33
 Abil: Evoke Flight      |       |     1 |     1 |       ||     2
       Stop Flying       |       |     1 |       |       ||     1
  Use: Scroll            |     2 |     5 |     8 |     3 ||    18
       Potion            |       |     2 |     3 |     7 ||    12
 Stab: Sleeping          |       |       |     7 |       ||     7
       Distracted        |       |       |     1 |       ||     1
Armor: Robe              |     3 |     2 |    23 |     7 ||    35
       Skin              |       |       |    12 |    16 ||    28
Dodge: Dodged            |    11 |    18 |   128 |    12 ||   169
